 Dungeon Crawl Stone Soup version 0.27.1-3-gb3d3a73c9e (webtiles) character file.

Game seed: 48449652589033616

121443 jlumianski the Severer (level 16, -3/148 HPs)
             Began as a Deep Dwarf Fighter on Oct 8, 2021.
             Was the Champion of Makhleb.
             Killed from afar by Aizul (34 damage)
             ... with a poison arrow
             ... on level 3 of the Snake Pit on Oct 21, 2021.
             The game lasted 02:34:24 (23585 turns).

jlumianski the Severer (Deep Dwarf Fighter)        Turns: 23585, Time: 02:34:25

Health: -3/148     AC: 41    Str: 32    XL:     16   Next: 32%
Magic:  22/22 (13) EV: 10    Int: 10    God:    Makhleb [******]
Gold:   2065       SH:  0    Dex: 13    Spells: 15/15 levels left

rFire    . . .     SeeInvis +   a - +8 war axe (elec)
rCold    + . .     Faith    .   c - +0 kite shield
rNeg     + . .     Spirit   .   O - +10 plate armour "Hesitoleda" {rC+ Str+3 SInv}
rPois    .         Reflect  .   E - +2 helmet
rElec    .         Harm     .   b - +0 cloak
rCorr    .         Rampage  .   A - +2 pair of gloves {archery}
Will     ++...                  e - +2 pair of boots
Stlth    ..........             w - amulet of magic regeneration
HPRegen  0.00/turn              S - ring of Jintuah {MP+9 Str+4}
MPRegen  0.43/turn              y - +4 ring of protection

@: lethally poisoned (-3 -> -21), sleeping
A: damage resistance, heal wounds, negative energy resistance 1, sense
surroundings 2, no regeneration
a: Heal Wounds, Renounce Religion, Minor Destruction, Lesser Servant of Makhleb,
Major Destruction, Greater Servant of Makhleb


You were on level 3 of the Snake Pit.
You worshipped Makhleb.
Makhleb was exalted by your worship.
You visited 5 branches of the dungeon, and saw 27 of its levels.

You collected 2518 gold pieces.
You spent 453 gold pieces at shops.

Inventory:

Hand Weapons
 a - a +8 war axe of electrocution (weapon)
 v - a +0 hand crossbow
 P - a +2 broad axe of electrocution
 R - the +5 trident of the Shrike {vorpal, rC+ Int+3 Dex-3}
   (You took it off an orc on level 8 of the Dungeon)

   It inflicts extra damage upon your enemies.
   Int:       It affects your intelligence (+3).
   Dex:       It affects your dexterity (-3).
   rC:        It protects you from cold.
Missiles
 o - a throwing net
 t - 9 curare-tipped darts
 z - 58 boomerangs (quivered)
 H - 6 javelins
 L - 108 poisoned darts
Armour
 b - a +0 cloak (worn)
 c - a +0 kite shield (worn)
 e - a +2 pair of boots (worn)
 A - a +2 pair of gloves of archery (worn)
 E - a +2 helmet (worn)
 O - the +10 plate armour "Hesitoleda" (worn) {rC+ Str+3 SInv}
   (You took it off a kobold on level 8 of the Dungeon)

   Str:       It affects your strength (+3).
   rC:        It protects you from cold.
   SInv:      It lets you see invisible.
Magical Staves
 W - a staff of earth
 X - a staff of cold
Jewellery
 k - a +6 ring of strength
 w - an amulet of magic regeneration (around neck)
 y - a +4 ring of protection (right hand)
 B - a ring of resist corrosion
 F - a ring of flight
 S - the ring of Jintuah (left hand) {MP+9 Str+4}
   (You found it on level 3 of the Snake Pit)

   [ring of magical power]

   Str:       It affects your strength (+4).
   MP:        It affects your magic capacity (+9).
 T - a ring of see invisible
 V - a ring of ice
Wands
 j - a wand of paralysis (5)
 C - a wand of digging (6)
 M - a wand of mindburst (15)
 Q - a wand of iceblast (19)
Scrolls
 f - 13 scrolls of teleportation
 g - a scroll of blinking
 h - 3 scrolls of fog
 m - 10 scrolls of identify
 q - 2 scrolls of holy word
 x - 4 scrolls of fear
 I - a scroll of summoning
 N - 3 scrolls of magic mapping
 Y - a scroll of brand weapon
Potions
 d - 5 potions of might
 p - 4 potions of resistance
 r - 5 potions of lignification
 s - 3 potions of berserk rage
 u - 2 potions of heal wounds
 D - a potion of magic
 G - a potion of flight
 K - 12 potions of curing
 U - a potion of cancellation
Miscellaneous
 i - a condenser vane
 l - a lightning rod (4/4)
 n - a lightning rod (4/4)
 J - a box of beasts


   Skills:
 + Level 10.6 Fighting
 - Level 15.9(16.0) Axes
 + Level 2.0(9.3) Polearms
 + Level 4.7 Throwing
 + Level 12.4 Armour
 + Level 5.2 Dodging
 + Level 4.1 Stealth
 + Level 14.8 Shields
 * Level 14.3 Invocations
 * Level 9.4 Evocations


You had 15 spell levels left.
You didn't know any spells.
Your spell library contained the following spells:

 Spells                   Type           Power      Damage    Failure   Level
 Foxfire                  Conj/Fire      0%         2x1d4     91%         1
 Shock                    Conj/Air       0%         1d3       91%         1
 Passwall                 Tmut/Erth      0%         N/A       97%         2
 Static Discharge         Conj/Air       0%         N/A       97%         2
 Sublimation of Blood     Necr           0%         N/A       97%         2
 Call Canine Familiar     Summ           0%         N/A       100%        3
 Conjure Flame            Conj/Fire      0%         6-21      100%        3
 Inner Flame              Hex/Fire       0%         N/A       100%        3
 Ozocubu's Armour         Ice            0%         N/A       100%        3
 Portal Projectile        Hex/Tloc       0%         N/A       100%        3
 Swiftness                Air            0%         N/A       100%        3
 Tukima's Dance           Hex            0%         N/A       100%        3
 Airstrike                Air            0%         N/A       100%        4
 Dispel Undead            Necr           0%         3d6       100%        4
 Hailstorm                Conj/Ice       0%         3d3       100%        4
 Ice Form                 Ice/Tmut       0%         N/A       100%        4
 Leda's Liquefaction      Hex/Erth       0%         N/A       100%        4
 Passage of Golubria      Tloc           N/A        N/A       100%        4
 Petrify                  Tmut/Erth      0%         N/A       100%        4
 Sticky Flame             Conj/Fire      0%         2d3       100%        4
 Irradiate                Conj/Tmut      0%         3d14      100%        5
 Metabolic Englaciation   Hex/Ice        0%         N/A       100%        5
 Silence                  Hex/Air        0%         N/A       100%        5
 Summon Forest            Summ/Tloc      0%         N/A       100%        5
 Yara's Violent Unravell  Hex/Tmut       0%         3d3       100%        5
 Eringya's Noxious Bog    Tmut/Pois      0%         N/A       100%        6
 Invisibility             Hex            0%         N/A       100%        6
 Simulacrum               Ice/Necr       0%         N/A       100%        6
 Summon Hydra             Summ           0%         N/A       100%        7
 Borgnjor's Revivificati  Necr           0%         N/A       100%        8
 Lehudib's Crystal Spear  Conj/Erth      0%         10d2      100%        8
 Necromutation            Tmut/Necr      0%         N/A       100%        8
 Death's Door             Necr           0%         N/A       100%        9


Dungeon Overview and Level Annotations

Branches:
Dungeon (14/15)            Temple (1/1) D:6            Lair (6/6) D:9
  Swamp (0/4) Lair:3        Snake (4/4) Lair:3        Slime (0/5) Lair:5
    Orc (2/2) D:12            Elf (0/3) Orc:2        Vaults (0/5) D:14

Altars:
Ashenzari
Cheibriados
Dithmenos
Elyvilon
Fedhas
Hepliaklqana
Makhleb
Nemelex Xobeh
Okawaru
Qazlal
Ru
Sif Muna
Trog
Uskayaw
Wu Jian
Xom
Yredelemnul
Zin
The Shining One
Beogh
Jiyva
Lugonu

Shops:
D:5 [   D:6 ?[**:   D:12 :   Orc:1 *::([   Orc:2 !:([

Portals:
Abyss: Lair:6

Annotations:
Lair:5 1 runed translucent door
Lair:6 exclusion: 2 oklob plants
Snake:3 Aizul


Innate Abilities, Weirdness & Mutations

You are resistant to damage.
You can heal yourself by infusing magical energy.
You resist negative energy. (rN+)
You passively map the area around you.
You do not regenerate.


Message History

Cleave: a) +8 war axe (elec)
Press: ? - help, Dir - move target, f - black mamba
Aim: a black mamba (moderately wounded, about 37% to evade your +8 war axe of electrocution)
Okay, then.
Unknown command.
Unknown command.
Aiming: Mindburst
Press: ? - help, Shift-Dir - straight line, f - Aizul
Aim: Aizul (moderately wounded, chance to affect: 16%)
Okay, then.
You feel much better. You block Aizul's attack.
The black mamba barely misses you. The black mamba misses you.
Aizul casts a spell at you. The bolt of poison hits you!!
You are more poisoned.
* * * LOW HITPOINT WARNING * * *
The black mamba bites you but does no damage.
You barely miss Aizul.
Aizul is lightly wounded.
You slash the black mamba!
Lightning courses through the black mamba!
You kill the black mamba!
Makhleb accepts your kill.
You slash the black mamba!
Lightning courses through the black mamba!
You kill the black mamba!
Makhleb accepts your kill.
You feel better.
You feel very sick. You block Aizul's attack.
You miss Aizul.
Aizul is lightly wounded.
You feel sick. Aizul casts a spell at you.
You fall asleep.
Aizul barely misses you.
Aizul coils herself and waves her upper body at you.
The poison arrow hits you!!
You are more poisoned.
You die...

# #...###.....(..#
#........####.
###..............#
#.............
#.##..........#..#
#...###......>
'_.#..####.#...### #...#
##..#### #?##..## ##....#
##...# #...# #. ###....##
###### ##....# #...# #. #
##....## ##...### #...# #.
## ##....########†...##
##...# #. .##
##(.........@S..#.###....#
#. .>##
##........†...#...#....##
#. ..<##
##..........###......##
##. ....## ##..########
##....## ##.. #....## #.##
##....## ##...
##....###..#########....##
##..#.
##....................##
#....# #
##.......÷.)........##
##..## ##
##...#.##.........## ###
####


You could see Aizul.

Vanquished Creatures
  Nikola (Lair:3)
  The ghost of TheGamechu the Fencer, an adept DrBe of Trog (Snake:3)
  A nagaraja (Snake:2)
  Azrael (Snake:3)
  Josephine (Lair:3)
  7 anacondas
  3 naga warriors
  5 boulder beetles
  6 centaur warriors
  Erica (D:11)
  3 hydras
  4 two-headed ogres
  2 catoblepae
  2 death yaks (Lair:2)
  Urug (Lair:2)
  4 shock serpents
  A thrashing horror (Lair:6)
  7 naga sharpshooters
  A dancing weapon (Snake:3)
  3 naga ritualists (Snake:1)
  2 bog bodies (Lair:3)
  A deep elf pyromancer (D:13)
  6 orc knights
  2 oklob plants
  An orc sorcerer (Orc:1)
  10 mana vipers
  19 elephants
  6 salamanders
  2 ugly things
  2 manticores (D:13)
  4 cyclopes
  27 black mambas
  A smoke demon (Lair:6)
  2 naga magi
  2 unseen horrors
  10 cane toads
  A torpor snail (Lair:2)
  A gargoyle (D:12)
  3 orange demons (D:13)
  14 komodo dragons
  4 rime drakes
  An efreet (D:12)
  3 ancient zymes (Lair:6)
  A freezing wraith (D:12)
  A tengu conjurer (D:13)
  A kobold demonologist (D:13)
  6 trolls
  3 meliai (D:11)
  A queen bee (Lair:1)
  A polar bear (Lair:2)
  5 slime creatures (D:14)
  A hornet (D:7)
  A raiju (shapeshifter) (Lair:6)
  29 blink frogs
  Sigmund (D:2)
  A shadow (D:10)
  A tarantella (shapeshifter) (Lair:6)
  A spriggan (Lair:6)
  A ynoxinul (Lair:6)
  2 fire elementals (Snake:3)
  3 wyverns
  4 wraiths
  44 yaks
  2 chaos spawn (Lair:6)
  6 vampire mosquitoes
  5 basilisks
  3 steam dragons
  2 large abominations (Lair:6)
  A swamp worm (Lair:3)
  11 wargs
  15 nagas
  An acid dragon (D:9)
  2 hell hounds (Snake:3)
  14 water moccasins
  41 orc warriors
  2 sky beasts (D:7)
  A hornet zombie (D:7)
  3 black bears
  4 ice beasts
  17 wolves
  4 ogres
  4 boggarts (D:13)
  7 centaurs
  2 necrophages
  2 phantoms (D:5)
  9 bullfrogs
  4 kobold brigands
  13 small abominations (Lair:6)
  8 scorpions
  A wyvern zombie (D:8)
  2 gnoll sergeants
  A water moccasin zombie (D:6)
  4 earth elementals
  A water moccasin skeleton (D:3)
  5 wights
  29 killer bees
  3 howler monkeys
  An electric eel (Lair:3)
  4 crimson imps (D:4)
  6 centaur zombies
  12 orc priests
  8 hounds
  A bullfrog skeleton (D:5)
  3 jellies
  2 iguanas
  23 orc wizards
  6 hell rats (Lair:3)
  A killer bee zombie (D:5)
  A hound skeleton (D:4)
  A howler monkey zombie (D:9)
  8 gnolls
  9 adders
  2 ufetubi
  2 worms (D:4)
  6 dart slugs
  91 orcs
  5 ball pythons
  11 bats
  8 endoplasms
  3 giant cockroaches
  5 goblins
  8 hobgoblins
  6 jackals
  21 kobolds
  3 quokkas
  7 frilled lizards
  4 rats
  2 bushes (D:9)
786 creatures vanquished.

Vanquished Creatures (collateral kills)
  A hydra (D:10)
  A catoblepas (D:13)
  An anaconda (Snake:4)
  A naga sharpshooter (Snake:4)
  A thrashing horror (Lair:6)
  A mana viper (Snake:4)
  An ugly thing (Lair:6)
  A salamander (Snake:4)
  A black mamba (Snake:4)
  3 nagas
  A hobgoblin (D:6)
13 creatures vanquished.

Vanquished Creatures (others)
  27 fungi
  33 plants
60 creatures vanquished.

Grand Total: 859 creatures vanquished

Notes
Turn   | Place    | Note
-------+----------+-------------------------------------------
     0 | D:1      | jlumianski the Deep Dwarf Fighter began the quest for the
                  | Orb.
     0 | D:1      | Reached XP level 1. HP: 20/20 MP: 1/1
   103 | D:1      | Found a faded altar of an unknown god.
   121 | D:1      | Reached XP level 2. HP: 22/27 MP: 2/2
   736 | D:1      | Reached XP level 3. HP: 19/33 MP: 3/3
   767 | D:1      | Reached skill level 3 in Axes
  1378 | D:2      | Reached XP level 4. HP: 40/42 MP: 3/3
  1452 | D:2      | Noticed Sigmund
  1472 | D:2      | Killed Sigmund
  1473 | D:2      | Reached skill level 4 in Axes
  1473 | D:2      | Reached XP level 5. HP: 41/49 MP: 4/4
  1786 | D:3      | Reached XP level 6. HP: 32/56 MP: 5/5
  1793 | D:3      | Reached skill level 5 in Axes
  1793 | D:3      | Reached skill level 1 in Dodging
  2396 | D:3      | Reached skill level 5 in Shields
  2396 | D:3      | Reached XP level 7. HP: 26/63 MP: 5/5
  2416 | D:3      | Reached skill level 5 in Armour
  2527 | D:4      | Reached skill level 6 in Axes
  2629 | D:4      | Found a shimmering altar of Xom.
  3034 | D:4      | Reached XP level 8. HP: 39/72 MP: 6/6
  3090 | D:5      | Entered Level 5 of the Dungeon
  3132 | D:5      | Reached skill level 7 in Axes
  3203 | D:5      | Identified the +1 ring mail of the Gusle {rF+ Stlth+}
  3356 | D:5      | Found Pubik's Armour Shoppe.
  3364 | D:5      | Bought a +2 pair of gloves of archery for 279 gold pieces
  3749 | D:6      | Found a stormy altar of Qazlal.
  3812 | D:6      | Killed an unseen horror
  3813 | D:6      | Gained mutation: You passively map the area around you.
                  | [Deep Dwarf growth]
  3813 | D:6      | Reached XP level 9. HP: 29/80 MP: 4/4
  3834 | D:6      | Reached skill level 5 in Fighting
  3858 | D:6      | Reached skill level 8 in Axes
  3914 | D:6      | Found Umyaskea's Book Boutique.
  3977 | D:6      | Found a staircase to the Ecumenical Temple.
  4076 | Temple   | Entered the Ecumenical Temple
  4111 | Temple   | Became a worshipper of Makhleb the Destroyer
  4274 | D:6      | Found Tosiabb's Magic Scroll Shop.
  4587 | D:6      | Found Hiwaamom's Antique Armour Boutique.
  4655 | D:6      | Found Geeppaim's General Store.
  4780 | D:6      | Found a bloodstained altar of Trog.
  5055 | D:6      | Found Voxtauw's General Store.
  5067 | D:6      | Bought 15 poisoned darts for 84 gold pieces
  5196 | D:6      | Bought a scroll of enchant weapon for 90 gold pieces
  5231 | D:7      | Reached skill level 1 in Stealth
  5330 | D:7      | Reached skill level 1 in Invocations
  5357 | D:7      | Reached * piety under Makhleb
  5358 | D:7      | Reached skill level 9 in Axes
  5477 | D:7      | Reached XP level 10. HP: 47/91 MP: 5/5
  6192 | D:8      | Noticed a two-headed ogre
  6218 | D:8      | Killed a two-headed ogre
  6219 | D:8      | Reached skill level 10 in Axes
  6219 | D:8      | Reached skill level 1 in Throwing
  6225 | D:8      | Reached ** piety under Makhleb
  6265 | D:8      | Reached skill level 5 in Invocations
  6443 | D:8      | Identified the +10 plate armour "Hesitoleda" {rC+ Str+3
                  | SInv}
  6450 | D:8      | Noticed a cyclops
  6460 | D:8      | Killed a cyclops
  6647 | D:8      | Found an iron altar of Okawaru.
  6776 | D:8      | Noticed a boulder beetle
  6785 | D:8      | Killed a boulder beetle
  6786 | D:8      | Reached XP level 11. HP: 60/99 MP: 9/9
  6792 | D:8      | Noticed a centaur warrior
  6803 | D:8      | Killed a centaur warrior
  6804 | D:8      | Reached skill level 11 in Axes
  6944 | D:8      | Identified the +5 trident of the Shrike {vorpal, rC+ Int+3
                  | Dex-3}
  7124 | D:9      | Noticed a two-headed ogre
  7131 | D:9      | Killed a two-headed ogre
  7270 | D:9      | Reached *** piety under Makhleb
  7308 | D:9      | Found a hide-covered altar of Uskayaw.
  7479 | D:9      | Found a staircase to the Lair.
  7565 | D:9      | Found an ornate altar of the Wu Jian Council.
  7567 | D:9      | Found a blossoming altar of Fedhas.
  7611 | D:9      | Found a shimmering blue altar of Sif Muna.
  7688 | D:9      | Noticed a two-headed ogre
  7698 | D:9      | Killed a two-headed ogre
  7981 | D:10     | Entered Level 10 of the Dungeon
  7996 | D:10     | Found a broken altar of Ashenzari.
  8033 | D:10     | Found a basalt altar of Yredelemnul.
  8035 | D:10     | Noticed a profane servitor
  8074 | D:10     | Found a snail-covered altar of Cheibriados.
  8172 | D:10     | Reached skill level 12 in Axes
  8368 | D:10     | Found a glowing golden altar of the Shining One.
  8370 | D:10     | Noticed an angel
  9048 | D:11     | Noticed a boulder beetle
  9048 | D:11     | Noticed a five-headed hydra
  9055 | D:11     | Noticed a boulder beetle
  9057 | D:11     | Noticed a red ugly thing
  9079 | D:10     | Killed a red ugly thing
  9083 | D:10     | Killed a boulder beetle
  9159 | D:10     | Killed a boulder beetle
  9160 | D:10     | Reached XP level 12. HP: 63/109 MP: 11/11
  9210 | D:10     | Killed a five-headed hydra
  9291 | D:11     | Noticed a two-headed ogre
  9317 | D:11     | Killed a two-headed ogre
  9498 | D:11     | Reached **** piety under Makhleb
  9795 | D:11     | Noticed Erica
  9807 | D:11     | Killed Erica
 10095 | D:12     | Reached skill level 10 in Shields
 10226 | D:12     | Noticed a boulder beetle
 10237 | D:12     | Killed a boulder beetle
 10434 | D:12     | Reached skill level 13 in Axes
 10442 | D:12     | Found Bistre's Book Shop.
 10548 | D:12     | Found a staircase to the Orcish Mines.
 10942 | D:13     | Reached skill level 10 in Armour
 11015 | D:13     | Noticed a centaur warrior
 11016 | D:13     | Noticed a centaur warrior
 11022 | D:13     | Noticed a centaur warrior
 11024 | D:13     | Reached skill level 1 in Evocations
 11025 | D:13     | Killed a centaur warrior
 11027 | D:13     | Killed a centaur warrior
 11029 | D:13     | Killed a centaur warrior
 11030 | D:13     | Reached skill level 10 in Invocations
 11275 | D:13     | Noticed a catoblepas
 11290 | D:13     | Killed a catoblepas
 11363 | D:13     | Reached XP level 13. HP: 69/117 MP: 10/10
 11934 | D:14     | Reached skill level 5 in Dodging
 12049 | D:14     | Found a gate to the Vaults.
 12140 | Orc:1    | Entered Level 1 of the Orcish Mines
 12140 | Orc:1    | Found Satow's Weapon Shoppe.
 12143 | Orc:1    | Found Kofaucleto's Armour Boutique.
 12399 | Orc:2    | Entered Level 2 of the Orcish Mines
 12585 | Orc:2    | Found a staircase to the Elven Halls.
 12870 | Orc:2    | Found Diyhel's Distillery.
 12877 | Orc:2    | Reached ***** piety under Makhleb
 12908 | Orc:2    | Found Jolleqit's Book Boutique.
 12933 | Orc:1    | Reached skill level 14 in Axes
 13283 | Orc:2    | Found Daifech's Armour Boutique.
 13283 | Orc:2    | Found Giqiv's Antique Weapon Shoppe.
 13794 | Orc:1    | Found Qumussergh's Book Emporium.
 13832 | Orc:1    | Found Yhaekad's General Store.
 13887 | Orc:1    | Found Dinomaj's Book Emporium.
 14287 | Lair:1   | Entered Level 1 of the Lair of Beasts
 15243 | Lair:2   | Noticed Urug
 15260 | Lair:2   | Killed Urug
 15508 | Lair:2   | Gained mutation: You resist negative energy. (rN+) [Deep
                  | Dwarf growth]
 15508 | Lair:2   | Reached XP level 14. HP: 89/127 MP: 12/12
 16146 | Lair:3   | Found an ornate altar of the Wu Jian Council.
 16173 | Lair:3   | Found a staircase to the Snake Pit.
 16202 | Lair:2   | Reached skill level 1 in Polearms
 16254 | Lair:3   | Reached skill level 15 in Axes
 16403 | Lair:3   | Reached ****** piety under Makhleb
 16691 | Lair:3   | Found a staircase to the Swamp.
 18546 | Lair:5   | Found a runed translucent door.
 18550 | Lair:5   | Found a viscous altar of Jiyva.
 18551 | Lair:5   | Noticed an acid blob
 18551 | Lair:5   | Noticed an acid blob
 18552 | Lair:5   | Found a staircase to the Slime Pits.
 18552 | Lair:5   | Noticed an acid blob
 18552 | Lair:5   | Noticed an acid blob
 19033 | Lair:6   | Entered Level 6 of the Lair of Beasts
 19220 | Lair:6   | Reached skill level 5 in Evocations
 19704 | Lair:6   | Reached XP level 15. HP: 136/136 MP: 14/14
 20371 | Lair:6   | Found a corrupted altar of Lugonu.
 20371 | Lair:6   | Found a one-way gate to the infinite horrors of the Abyss.
 20784 | Snake:1  | Entered Level 1 of the Snake Pit
 20821 | Snake:1  | Noticed Josephine
 20827 | Snake:1  | Noticed Nikola
 20834 | Lair:3   | Killed Josephine
 20880 | Lair:3   | Killed Nikola
 21363 | Snake:1  | Reached skill level 10 in Fighting
 22042 | Snake:2  | Found a sacrificial altar of Ru.
 22060 | Snake:2  | Reached XP level 16. HP: 48/146 MP: 15/15
 22683 | Snake:3  | Found a runed translucent door.
 22685 | Snake:3  | Found a shimmering altar of Xom.
 22685 | Snake:3  | Noticed TheGamechu's ghost (adept DrBe)
 22717 | Snake:3  | Killed TheGamechu's ghost
 22724 | Snake:3  | Identified the ring of Jintuah {MP+9 Str+4}
 22935 | Snake:3  | Noticed Azrael
 22955 | Snake:3  | Killed Azrael
 23521 | Snake:4  | Entered Level 4 of the Snake Pit
 23567 | Snake:4  | Noticed Aizul
 23585 | Snake:3  | Killed from afar by Aizul

Illustrated notes

Levels and vault maps discovered:
D:1:      mainiacjoe_arrival_reflecting_pool, layout_basic,
          hellmonk_ecumenical_altar_heavens_door
D:2:      layout_basic, uniq_sigmund
D:3:      layout_basic, minmay_fractal_squares_5
D:4:      layout_cave_pools, led_xom_imps, minmay_unequal
D:5:      layout_rooms, serial_shops, shop
D:6:      minmay_general_purpose_star, layout_layer_cave,
          mainiacjoe_overflow_catwalk, kennysheep_little_box,
          minmay_temple_entry_statues, serial_shops, shop_statue, shop,
          shop_statue, nicolae_diamond_shop, nicolae_shop_trees,
          corexii_checkpoint_b, hellmonk_bongcloud_opening, skrybe_limestone_x,
          kennysheep_generic_room_14
D:7:      layout_basic
D:8:      minmay_quarter_circles, layout_basic, okawaru_gym_becter
D:9:      layout_loops_ring, lemuel_tele_altar,
          gammafunk_temple_overflow_forgotten, erik_lair_orcish_takeover,
          kennysheep_generic_room_12
D:10:     minmay_stone_box, layout_loops_ring, grunt_temple_overflow_holy_war,
          old_standard_altar, mainiacjoe_overflow_boulevard
D:11:     layout_basic, uniq_erica
D:12:     layout_loops_ring, orc_0_dummy, serial_shops, shop_statue
D:13:     layout_irregular_city, einodemon_barbed_minivault
D:14:     layout_cave_pools, lightli_vaults_fourway_checkpoint,
          ebering_dispersal_statue_hall, uniq_jorgrun
Temple:   cyrus_temple_forest
Lair:1:   layout_roguey [special_room_bee]
Lair:2:   layout_regular_city, uniq_urug
Lair:3:   layout_hall_layers, nicolae_swamp_entry_splash_gauntlet,
          guppyfry_snake_entry_island, basic_altar
Lair:4:   layout_gridlike
Lair:5:   layout_regular_city, slime_altar_2, minmay_lair_oklob_items
Lair:6:   hellmonk_lair_end_abyssal_woods, layout_regular_city, minivault_19,
          wad_woods_road_04, grunt_megastairs_5, minmay_lair_oklob_chamber
Snake:1:  layout_basic, uniq_nikola, uniq_josephine
Snake:2:  layout_cave_town, lemuel_oklob_altar, lemuel_fruit_tree
Snake:3:  layout_concentric_octagons, ebering_ghost_xom, uniq_azrael
Snake:4:  johnstein_snake_rune_scales, layout_misc_corridors, uniq_aizul,
          uniq_mara, uniq_vashnia
Orc:1:    layout_caves, serial_shops, shop, shop, shop, shop_fountains, shop
Orc:2:    st_orc_town, layout_caves

Skill      XL: |  1  2  3  4  5  6  7  8  9 10 11 12 13 14 15 16 |
---------------+-------------------------------------------------+-----
Axes           | 3 4 5 6 7 9 10 12 13 14 15 | 15.9
Fighting       | 3 4 6 7 8 9 10 | 10.6
Shields        | 4 5 6 7 8 9 10 11 13 14 | 14.8
Armour         | 4 5 6 8 9 10 11 12 | 12.4
Dodging        | 1 2 3 4 5 |  5.2
Stealth        | 1 2 3 4 |  4.1
Invocations    | 2 5 8 10 11 12 13 14 | 14.3
Throwing       | 1 2 3 4 |  4.7
Evocations     | 1 5 8 9 |  9.4
Polearms       | 2 |  2.0

Action                   |  1- 3 |  4- 6 |  7- 9 | 10-12 | 13-15 | 16-18 || total
-------------------------+-------+-------+-------+-------+-------+-------++-------
Melee: War axe           |   140 |   150 |   472 |   598 |  1408 |   142 ||  2910
       Trident           |       |       |       |     5 |    27 |       ||    32
 Fire: Hunting sling     |       |       |     2 |       |       |       ||     2
Throw: Dart              |       |       |     1 |    64 |    24 |       ||    89
       Boomerang         |       |       |       |     6 |    26 |       ||    32
Invok: Lesser Servant of |       |       |       |     2 |     1 |     1 ||     4
       Major Destruction |       |       |       |       |     1 |       ||     1
       Greater Servant o |       |       |       |       |     1 |     1 ||     2
 Abil: Heal Wounds       |     1 |     5 |    17 |    11 |    12 |     6 ||    52
Evoke: Piece from Xom's  |       |       |       |     3 |       |       ||     3
       Wand              |       |       |       |     3 |       |       ||     3
       Box of beasts     |       |       |       |       |     2 |       ||     2
  Use: Scroll            |       |       |    17 |    10 |     8 |     1 ||    36
       Potion            |       |       |       |       |       |     2 ||     2
 Stab: Distracted        |       |       |       |     1 |     2 |     2 ||     5
       Paralysed         |       |       |       |     1 |       |       ||     1
       Petrified         |       |       |       |       |     6 |       ||     6
Armor: Scale mail        |    81 |    84 |   246 |    75 |       |       ||   486
       Plate armour      |       |       |       |   270 |   742 |    67 ||  1079
Dodge: Dodged            |    47 |    65 |   187 |   168 |   409 |    25 ||   901
Block: Kite shield       |    97 |    92 |   315 |   396 |   995 |    87 ||  1982
